 Dungeon Crawl Stone Soup version 0.31.0-9-g3a7656b989 (webtiles) character file.

Game seed: 6590443419665176287

70 qw the Shooter (level 4, -10/25 HPs)
             Began as a Deep Elf Hunter on Feb 2, 2024.
             Killed from afar by Ijyb (19 damage)
             ... with a bolt of acid
             ... on level 3 of the Dungeon.
             The game lasted 00:00:05 (1537 turns).

qw the Shooter (Deep Elf Hunter)                    Turns: 1537, Time: 00:00:06

Health: -10/25     AC:  1    Str: 10    XL:     4   Next: 3%
Magic:  6/6        EV: 11    Int: 14    God:
Gold:   101        SH:  0    Dex: 18    Spells: 3/3 levels left

rFire   . . .        a - +0 shortbow
rCold   . . .        (shield currently unavailable)
rNeg    . . .        e - +0 ring mail
rPois   .            (no helmet)
rElec   .            (no cloak)
rCorr   .            (no gloves)
SInv    .            (no boots)
Will    .....        (no amulet)
Stlth   +            (no ring)
HPRegen 0.24/turn    (no ring)
MPRegen 0.10/turn

%: no passive effects
@: corroded
A: no striking features
a: no special abilities


You were on level 3 of the Dungeon.
You visited 1 branch of the dungeon, and saw 3 of its levels.

You collected 101 gold pieces.


   Skills:
 - Level 1.5 Fighting
 + Level 7.4 Ranged Weapons
 - Level 2.4 Dodging
 - Level 1.2 Stealth


You had 3 spell levels left.
You didn't know any spells.
Your spell library was empty.

Inventory:

Hand Weapons
 a - a +0 shortbow (weapon)
Armour
 e - a +0 ring mail (worn)
Potions
 c - a potion of haste
 f - a potion of resistance
 j - a potion of degeneration {unknown}

Dungeon Overview and Level Annotations

Branches:
Dungeon (3/15)

Altars:
Ashenzari

Annotations:
D:3 Ijyb


Message History

You shoot an arrow. The arrow hits the orc.
The orc is heavily wounded.
You shoot an arrow. The arrow hits the orc.
The orc is heavily wounded.
You shoot an arrow. The arrow closely misses the orc.
You shoot an arrow. The arrow hits the orc.
You kill the orc!
You have reached level 4!
You feel clever.
You shoot an arrow. The arrow hits the orc!
You kill the orc!
Ijyb the Twisted Goblin comes into view.
She is wielding a +2 dagger of flaming and carrying a wand of acid.
You shoot an arrow. The arrow hits Ijyb.
Ijyb shouts!
Ijyb is moderately wounded.
You shoot an arrow. The arrow hits Ijyb but does no damage.
Ijyb is moderately wounded.
You shoot an arrow. The arrow hits Ijyb.
Ijyb is heavily wounded.
You shoot an arrow. The arrow hits Ijyb.
Ijyb is heavily wounded.
Ijyb zaps a wand.
The bolt of acid hits you! The acid corrodes you!
You shoot an arrow. The arrow hits Ijyb but does no damage.
Ijyb is heavily wounded.
You shoot an arrow. The arrow hits Ijyb.
Ijyb is severely wounded.
An orc comes into view. It is wielding a +0 short sword.
You shoot an arrow. The arrow barely misses Ijyb.
The orc shouts!
Ijyb hits you with a +2 dagger of flaming!
Ijyb burns you.
1536 ||| DRINKING potion of heal wounds.
You feel much better.
Ijyb zaps a wand.
The bolt of acid hits you!
Ouch! That really hurt!
You shoot an arrow. The arrow closely misses Ijyb.
The arrow closely misses the orc.
Ijyb screams, "I cut your head off!"
Ijyb zaps a wand.
The bolt of acid hits you!!
Ouch! That really hurt!
You die...

.## .... ..... .... ##.##
# #..# ..... ####.#.o#
#.#... .....#..# ..#.##
........#### #.#.##
.......g...# .. ##.#.#.
#.@####.... ..#.#.
#....)).... #.#...
#...###.#..###.#.#. .
#................#.
....####...###.#..#.....##
........................##
....####.......#..........
. #.......##..#......#
.###..#.##.##..........


You could see Ijyb and an orc.

Vanquished Creatures
  2 adders (D:2)
  2 orcs (D:3)
  2 endoplasms
  A giant cockroach (D:1)
  5 goblins
  5 hobgoblins
  11 jackals
  2 quokkas (D:2)
  4 ball pythons
  5 bats
  2 frilled lizards
  A kobold (D:2)
  3 rats
45 creatures vanquished.

Notes
Turn   | Place    | Note
-------+----------+-------------------------------------------
     0 | D:1      | qw the Deep Elf Hunter began the quest for the Orb.
     0 | D:1      | Reached XP level 1. HP: 12/12 MP: 3/3
     0 | D:1      | 0 ||| qw: Version: 0.3-a-155-g5e7d8dd
     0 | D:1      | 0 ||| qw: Game counter: 1583
     0 | D:1      | 0 ||| qw: Melee chars always use a shield: true
     0 | D:1      | 0 ||| qw: God list: Okawaru
     0 | D:1      | 0 ||| qw: Allow faded altars: false
     0 | D:1      | 0 ||| qw: Do Orc after clearing Dungeon:15 true
     0 | D:1      | 0 ||| qw: Do second Lair branch before Depths: true
     0 | D:1      | 0 ||| qw: Lair rune preference: random
     0 | D:1      | 0 ||| qw: Goals: Normal
     0 | D:1      | 0 ||| PLANNING D:1-11
   117 | D:1      | Found a faded altar of an unknown god.
   389 | D:1      | Reached XP level 2. HP: 16/16 MP: 4/4
   462 | D:1      | Reached skill level 6 in Ranged Weapons
   658 | D:1      | 658 ||| UPGRADING to +0 ring mail.
   668 | D:1      | 668 ||| DROPPING +0 leather armour.
   669 | D:1      | 669 ||| READING scroll labelled IQILIF HUDE.
   669 | D:1      | 669 ||| IDENTIFYING fuming emerald potion
   670 | D:1      | 670 ||| READING scroll labelled KOMMUQU TUASS.
   771 | D:1      | 771 ||| READING scroll labelled FUPHEN YPIFUE.
   772 | D:1      | 772 ||| DROPPING scroll of butterflies.
   789 | D:2      | 789 ||| STAIRDANCE
   799 | D:2      | 799 ||| STAIRDANCE
   898 | D:2      | Reached XP level 3. HP: 19/20 MP: 5/5
   940 | D:2      | Reached skill level 7 in Ranged Weapons
  1270 | D:2      | 1270 ||| READING 2 scrolls of identify.
  1270 | D:2      | 1270 ||| IDENTIFYING ruby potion
  1271 | D:2      | 1271 ||| READING scroll of identify.
  1271 | D:2      | 1271 ||| IDENTIFYING puce potion
  1272 | D:2      | 1272 ||| DRINKING 2 sedimented green potions.
  1321 | D:2      | 1321 ||| DROPPING potion of lignification.
  1358 | D:3      | Found a broken altar of Ashenzari.
  1526 | D:3      | Reached XP level 4. HP: 25/25 MP: 6/6
  1528 | D:3      | Noticed Ijyb
  1535 | D:3      | HP: 6/25 [Ijyb/+2 dagger of flaming (3)]
  1536 | D:3      | 1536 ||| DRINKING potion of heal wounds.
  1537 | D:3      | Killed from afar by Ijyb

Levels and vault maps discovered:
D:1:      dpeg_arrival_rooms_a, layout_basic, hellmonk_ecumenical_altar_zigzags,
          amcnicky_mini_pool_small, hex_medium
D:2:      layout_rooms
D:3:      layout_basic, old_standard_altar, mainiacjoe_overflow_24_doors,
          small_statue_intersection, uniq_ijyb, uniq_jessica

Skill      XL: |  1  2  3 |
---------------+----------+-----
Ranged Weapons | 6 7 |  7.4
Fighting       | |  1.5
Dodging        | |  2.4
Stealth        | |  1.2

Action                     |  1- 3 |  4- 6 || total
---------------------------+-------+-------++-------
   Fire: Shortbow          |   136 |     9 ||   145
    Use: Scroll            |     5 |       ||     5
         Potion            |     1 |     1 ||     2
 Armour: Leather armour    |     1 |       ||     1
         Ring mail         |    57 |     4 ||    61
  Dodge: Dodged            |    92 |       ||    92

Table legend:
 A = Non-vault XP
 B = Vault XP
 C = Vault XP percentage of total XP
 D = Non-vault monster count
 E = Vault monster count
 F = Vault count percentage of total count
                 A         B        C        D         E       F
            +---------+---------+-------+---------+---------+-------
      Total |     100 |       0 |   0.0 |      45 |       0 |   0.0
            +---------+---------+-------+---------+---------+-------
        D:1 |      23 |       0 |   0.0 |      15 |       0 |   0.0
        D:2 |      70 |       0 |   0.0 |      27 |       0 |   0.0
        D:3 |       7 |       0 |   0.0 |       3 |       0 |   0.0
            +---------+---------+-------+---------+---------+-------
